 Dungeon Crawl Stone Soup version 0.29.1-1-gd02db6906a (webtiles) character file.

Game seed: 13062605235935715843

140922 xian the Warrior (level 17, -2/264 HPs)
             Began as a Naga Berserker on Oct 2, 2022.
             Was a Priest of Trog.
             Slain by a black mamba (6 damage)
             ... on level 3 of the Snake Pit.
             The game lasted 01:34:17 (23922 turns).

xian the Warrior (Naga Berserker)                  Turns: 23922, Time: 01:34:18

Health: -2/264     AC: 44    Str: 29    XL:     17   Next: 31%
Magic:  8/8        EV:  4    Int: 20    God:    Trog [***...]
Gold:   2463       SH:  0    Dex: 21    Spells: 16/16 levels left

rFire   + + .      SeeInvis +   Z - +9 lajatang (freeze)
rCold   + + +      Faith    .   (shield currently unavailable)
rNeg    + + +      Spirit   .   N - +12 plate armour of Waim {MP-9 Int+6 Dex+6}
rPois   +          Reflect  .   H - +2 hat {Will+}
rElec   .          Harm     .   p - scarf {rC+ rF+}
rCorr   .          Rampage  .   W - +2 pair of gloves
Will    ++++.                   c - +3 barding {rF+}
Stlth   ..........              w - amulet of regeneration
HPRegen 1.34/turn               U - ring of the Villain {rC++ rN+++ SInv}
MPRegen 0.11/turn               R - ring "Zoafry" {Will+ Str+3 Int+7}

@: berserking (expiring), lethally poisoned (-2 -> -5), constricted, studying
Shields, quick
A: AC +5, large, see invisible, deformed body, poison resistance, slowness 2,
spit poison 1, naga tail 2, beak, horns 1, agile 1
a: Spit Poison, Renounce Religion, Berserk, Trog's Hand


You were on level 3 of the Snake Pit.
You worshipped Trog.
Trog was most pleased with you.
You visited 5 branches of the dungeon, and saw 26 of its levels.
You also visited: Gauntlet and Volcano.

You collected 2685 gold pieces.
You spent 222 gold pieces at shops.

Inventory:

Hand Weapons
 u - the +4 trident of Spring {speed, Dex+4}
   (You found it on level 5 of the Lair of Beasts)

   Attacks with this weapon are significantly faster.
   Dex:       It affects your dexterity (+4).
 v - a +4 quarterstaff of chaos
 Z - a +9 lajatang of freezing (weapon)
Missiles
 a - 5 atropa-tipped darts
 l - 12 silver javelins
 r - 3 javelins
 y - 13 boomerangs
 F - 2 throwing nets
 M - 40 poisoned darts (quivered)
 P - 6 silver boomerangs
Armour
 c - a +3 barding of fire resistance (worn)
 h - a +1 barding of flying
 p - a scarf of resistance (worn)
 H - a +2 hat of willpower (worn)
 L - a +1 kite shield
 N - the +12 plate armour of Waim (worn) {MP-9 Int+6 Dex+6}
   (You acquired it on level 7 of the Dungeon)

   Int:       It affects your intelligence (+6).
   Dex:       It affects your dexterity (+6).
   MP:        It affects your magic capacity (-9).
 W - a +2 pair of gloves (worn)
 Y - the +2 cloak "Pes Xiro" {Str+2}
   (You found it on level 1 of the Snake Pit)

   Str:       It affects your strength (+2).
Jewellery
 q - a +4 ring of evasion
 w - an amulet of regeneration (around neck)
 R - the ring "Zoafry" (right hand) {Will+ Str+3 Int+7}
   (You found it in a Gauntlet)

   [ring of willpower]

   Str:       It affects your strength (+3).
   Int:       It affects your intelligence (+7).
   Will:      It increases your willpower.
 U - the ring of the Villain (left hand) {rC++ rN+++ SInv}
   (You found it on level 3 of the Lair of Beasts)

   [ring of see invisible]

   rC:        It greatly protects you from cold.
   rN:        It renders you almost immune to negative energy.
   SInv:      It lets you see invisible.
Wands
 m - a wand of iceblast (9)
 o - a wand of polymorph (3)
 x - a wand of mindburst (23)
 C - a wand of light (13)
 G - a wand of flame (35)
 J - a wand of digging (19)
 K - a wand of paralysis (43)
Scrolls
 b - 4 scrolls of poison
 e - 3 scrolls of blinking
 f - 3 scrolls of brand weapon
 n - 12 scrolls of teleportation
 B - a scroll of fog
 D - 7 scrolls of magic mapping
 E - a scroll of enchant armour
 V - 3 scrolls of fear
Potions
 d - 3 potions of lignification
 g - 9 potions of curing
 i - 7 potions of haste
 j - 2 potions of invisibility
 k - 15 potions of heal wounds
 s - 3 potions of resistance
 t - 3 potions of flight
 A - 4 potions of might
 I - 3 potions of mutation
 O - 5 potions of magic
 X - a potion of ambrosia
Miscellaneous
 S - a phial of floods
 T - a tin of tremorstones (2/2)


   Skills:
 + Level 17.2 Fighting
 + Level 4.0(4.3) Axes
 + Level 2.5(10.4) Maces & Flails
 - Level 14.9(15.0) Staves
 + Level 7.5 Throwing
 + Level 15.1 Armour
 + Level 4.5 Dodging
 + Level 9.0 Stealth


You had 16 spell levels left.
You didn't know any spells.
Your spell library contained the following spells:

 Spells                   Type           Power      Damage    Failure   Level
 Apportation              Tloc           0%         N/A       73%         1
 Magic Dart               Conj           0%         1d3       73%         1
 Necrotise                Necr           0%         1d4       73%         1
 Sandblast                Erth           0%         2d4       73%         1
 Summon Small Mammal      Summ           0%         N/A       73%         1
 Blink                    Tloc           0%         N/A       86%         2
 Call Imp                 Summ           0%         N/A       86%         2
 Ensorcelled Hibernation  Hex/Ice        0%         N/A       86%         2
 Passwall                 Tmut/Erth      0%         N/A       86%         2
 Poisonous Vapours        Pois/Air       0%         N/A       86%         2
 Searing Ray              Conj           0%         2d4       86%         2
 Dazzling Flash           Conj/Hex       0%         N/A       97%         3
 Frozen Ramparts          Ice            0%         1d1       97%         3
 Ignite Poison            Fire/Tmut/Pois 0%         N/A       97%         3
 Lesser Beckoning         Tloc           0%         N/A       97%         3
 Mephitic Cloud           Conj/Pois/Air  0%         N/A       97%         3
 Portal Projectile        Hex/Tloc       0%         N/A       97%         3
 Spider Form              Tmut/Pois      0%         N/A       97%         3
 Stone Arrow              Conj/Erth      0%         3d7       97%         3
 Tukima's Dance           Hex            0%         N/A       97%         3
 Vampiric Draining        Necr           0%         2d6       97%         3
 Anguish                  Hex/Necr       0%         N/A       100%        4
 Corpse Rot               Necr/Pois/Air  0%         N/A       100%        4
 Fulminant Prism          Conj/Hex       0%         3d6       100%        4
 Ice Form                 Ice/Tmut       0%         N/A       100%        4
 Olgreb's Toxic Radiance  Pois           0%         N/A       100%        4
 Summon Ice Beast         Ice/Summ       0%         N/A       100%        4
 Agony                    Necr           0%         N/A       100%        5
 Alistair's Intoxication  Tmut/Pois      0%         N/A       100%        5
 Blade Hands              Tmut           0%         N/A       100%        5
 Borgnjor's Vile Clutch   Necr/Erth      0%         N/A       100%        5
 Iskenderun's Battlesphe  Conj           0%         2d6       100%        5
 Manifold Assault         Tloc           0%         N/A       100%        5
 Silence                  Hex/Air        0%         N/A       100%        5
 Eringya's Noxious Bog    Tmut/Pois      0%         N/A       100%        6
 Malign Gateway           Summ/Tloc      0%         N/A       100%        7
 Orb of Destruction       Conj           0%         9d5       100%        7
 Storm Form               Tmut/Air       0%         N/A       100%        7
 Summon Horrible Things   Summ           0%         N/A       100%        8


Dungeon Overview and Level Annotations

Branches:
Dungeon (15/15)            Temple (0/1) D:4            Lair (5/5) D:10
 Shoals (0/4) Lair:2        Snake (3/4) Lair:2        Slime (0/5) Lair:5
    Orc (2/2) D:11            Elf (1/3) Orc:2        Vaults (0/5) D:14
 Depths (0/4) D:15        Volcano (visited)         Gauntlet (visited)

Altars:
Dithmenos
Nemelex Xobeh
Sif Muna
Jiyva

Shops:
D:2 (   D:9 (   D:12 *   Orc:2 *[(   Snake:1 ?

Annotations:
D:15 2 transporters
Snake:3 TuffENuff's ghost, adept FoFi


Innate Abilities, Weirdness & Mutations

Your serpentine skin is tough. (AC +5)
You have supernaturally acute eyesight. (SInv)
Armour fits poorly on your strangely shaped body.
Your system is resistant to poisons. (rPois)
You cover ground very slowly.
You can spit poison.
You can use your snake-like lower body to constrict enemies.
You have a beak for a mouth.
You have a pair of small horns on your head.
You are agile. (Dex +4, Str/Int -1)


Message History

You are too berserk!
You hit TuffENuff's ghost but do no damage.
Your peck misses TuffENuff's ghost.
TuffENuff's ghost is severely damaged.
You feel sick.
The anaconda bites you but does no damage.
The anaconda constricts you.
The black mamba bites you but does no damage.
The shock serpent bites you but does no damage.
The anaconda bites you!
* * * LOW HITPOINT WARNING * * *
The anaconda constricts you. The moth of wrath barely misses you.
You slash TuffENuff's ghost! You freeze TuffENuff's ghost.
You peck TuffENuff's ghost, but do no damage.
TuffENuff's ghost is severely damaged.
You feel sick.
The black mamba bites you but does no damage.
The shock serpent bites you but does no damage.
The anaconda bites you but does no damage.
The anaconda constricts you.
TuffENuff's ghost hits you but does no damage.
The black mamba barely misses you.
You hit TuffENuff's ghost. You freeze TuffENuff's ghost.
You peck TuffENuff's ghost, but do no damage.
TuffENuff's ghost is severely damaged.
Your skin stops crawling.
You feel less strong-willed.
You feel sick. The anaconda bites you.
* * * LOW HITPOINT WARNING * * *
The anaconda constricts you.
The shock serpent bites you but does no damage.
The black mamba bites you but does no damage.
The moth of wrath bites you.
* * * LOW HITPOINT WARNING * * *
You hit TuffENuff's ghost but do no damage.
Your headbutt misses TuffENuff's ghost.
TuffENuff's ghost is severely damaged.
You feel sick. The anaconda barely misses you. The anaconda constricts you.
* * * LOW HITPOINT WARNING * * *
The shock serpent barely misses you. The black mamba bites you.
You die...

# ### ##. ## ## .#
..#### #.. #. .###.
.....## #.# ......#
#..>..# #.# .#.#...
#.....# #.#..#.#.. #
......####.##(.SS.#.#
#........#..#?S#Wy.#
#....###...©#SSS@#
.##.## ###..#!#SS...#
#...## #.##)#...#.#
#....## #.# .#.##. #
##....## #.# .. ..
..#....###.##..# ...#
............#..... ##
............##.#####
.............###....


You could see an anaconda (berserk), a shock serpent (berserk), a moth of wrath,
6 black mambas and TuffENuff's ghost.

Vanquished Creatures
  Saint Roka (Snake:2)
  Gastronok (Lair:1)
  4 nagarajas (Snake:1)
  An orc warlord (Orc:2)
  A frost giant (D:15)
  Nessos (D:14)
  A minotaur (Gauntlet)
  4 hydras
  Fannar (Lair:3)
  4 salamander tyrants (Snake:1)
  5 boulder beetles
  Erica (D:8)
  A catoblepas (Lair:5)
  7 centaur warriors
  An ogre mage (D:15)
  13 two-headed ogres
  A merfolk avatar (Lair:5)
  A naga warrior (Snake:3)
  11 anacondas
  6 tengu warriors
  2 death yaks
  The ghost of gdog the Summoner, a novice GnSu of Gozag (D:9)
  7 naga sharpshooters
  An orc high priest (Orc:1)
  3 dancing weapons
  Urug (Orc:2)
  4 slime creatures (D:15)
  4 shock serpents
  A sixfirhy (Gauntlet)
  A salamander mystic (Snake:1)
  Amaemon (D:9)
  A sea snake (Lair:5)
  A lindwurm (Lair:5)
  4 orc knights
  A deep elf pyromancer (Elf:1)
  7 naga ritualists
  15 mana vipers
  2 harpies
  2 deep elf zephyrmancers (Elf:1)
  An oklob plant (Gauntlet)
  4 ugly things
  4 manticores
  3 orc sorcerers
  A cyclops (D:13)
  A cyclops (shapeshifter) (Lair:3)
  8 salamanders
  5 elephants (Lair:5)
  16 naga magi
  A moth of wrath (Snake:3)
  43 black mambas
  2 guardian serpents
  A torpor snail (Lair:5)
  An orange demon (D:9)
  The ghost of mkat the Conjurer, a novice DrCj of Ashenzari (D:6)
  A rime drake (Lair:5)
  6 cane toads
  An unseen horror (D:11)
  11 komodo dragons
  An efreet (D:13)
  4 yaktaurs
  2 tengu conjurers (D:14)
  8 trolls
  A wind drake (Lair:5)
  A polar bear (Lair:4)
  4 hornets (Lair:5)
  A slime creature (shapeshifter) (Lair:2)
  3 snapping turtles (Lair:5)
  10 blink frogs
  6 dream sheep (Lair:5)
  A centaur simulacrum (Gauntlet)
  2 wraiths
  A spriggan (D:9)
  28 yaks
  7 wyverns
  3 fire bats (Volcano)
  16 humans (D:14)
  A redback (shapeshifter) (D:13)
  A golden eye (shapeshifter) (D:14)
  2 chaos spawn (Gauntlet)
  Grum (D:8)
  2 vampire mosquitoes (D:14)
  3 steam dragons
  3 neqoxecs
  4 basilisks
  A warg (Orc:2)
  Menkaure (D:5)
  24 nagas
  4 acid dragons
  A hell hound (Volcano)
  11 water moccasins
  A sky beast (D:6)
  A meliai simulacrum (Gauntlet)
  3 black bears
  32 orc warriors
  10 ogres
  13 wolves
  3 ice beasts
  11 centaurs
  6 kobold brigands
  2 gnoll sergeants (D:11)
  10 bullfrogs
  A necrophage (D:8)
  4 scorpions (D:5)
  A hornet simulacrum (Gauntlet)
  8 wights (D:8)
  8 killer bees
  9 howler monkeys
  4 quasits (D:9)
  8 hounds
  3 jellies
  13 orc priests
  Crazy Yiuf (D:4)
  2 gnoll boudas
  2 iguanas
  22 orc wizards
  14 gnolls
  12 adders
  2 shadow imps
  A white imp (D:7)
  4 ufetubi (Gauntlet)
  A worm (D:4)
  7 dart slugs
  62 orcs
  6 bats
  6 endoplasms
  5 giant cockroaches
  9 goblins
  8 hobgoblins
  22 kobolds
  9 quokkas
  10 ball pythons
  3 frilled lizards
  3 rats (D:1)
756 creatures vanquished.

Vanquished Creatures (collateral kills)
  A naga ritualist (Snake:1)
  A guardian serpent (Snake:3)
  A komodo dragon (Lair:2)
  A wyvern (Lair:2)
  A wolf (Lair:2)
5 creatures vanquished.

Vanquished Creatures (others)
  A boulder beetle zombie (D:13)
  A yak zombie (Lair:5)
  17 fungi
  33 plants
  A withered plant (Gauntlet)
53 creatures vanquished.

Grand Total: 814 creatures vanquished

Notes
Turn   | Place    | Note
-------+----------+-------------------------------------------
     0 | D:1      | xian the Naga Berserker began the quest for the Orb.
     0 | D:1      | Reached XP level 1. HP: 21/21 MP: 1/1
    61 | D:1      | Reached XP level 2. HP: 6/28 MP: 2/2
   682 | D:1      | Reached XP level 3. HP: 33/34 MP: 3/3
  1004 | D:1      | Reached ** piety under Trog
  1620 | D:2      | Found Tuuseh Milo's Antique Weapon Boutique.
  1847 | D:2      | Reached XP level 4. HP: 40/43 MP: 4/4
  2363 | D:3      | Reached XP level 5. HP: 40/50 MP: 5/5
  2619 | D:4      | Reached skill level 1 in Maces & Flails
  2648 | D:4      | Identified a scroll of acquirement
  2651 | D:4      | Acquired a +2 barding of fire resistance
  2705 | D:4      | Found a runed translucent door.
  2706 | D:4      | Noticed Crazy Yiuf
  2712 | D:4      | Killed Crazy Yiuf
  2971 | D:4      | Reached skill level 4 in Fighting
  2972 | D:4      | Found a staircase to the Ecumenical Temple.
  2978 | D:4      | Reached XP level 6. HP: 57/57 MP: 6/6
  3040 | D:4      | Reached skill level 1 in Staves
  3243 | D:5      | Entered Level 5 of the Dungeon
  3253 | D:5      | Reached XP level 7. HP: 64/64 MP: 7/7
  3307 | D:5      | Noticed Menkaure
  3314 | D:5      | Killed Menkaure
  3385 | D:5      | Reached XP level 8. HP: 73/73 MP: 8/8
  3501 | D:5      | Identified the +10 long sword "Jeadean" {pain, Int+4
                  | Stlth+}
  3567 | D:5      | Identified the +0 pair of boots of Voitiul {rCorr Int+2
                  | Slay-3}
  3647 | D:5      | Reached *** piety under Trog
  3706 | D:5      | Reached skill level 5 in Staves
  3706 | D:5      | Reached skill level 1 in Throwing
  4416 | D:6      | Found a runed translucent door.
  4420 | D:6      | Noticed mkat's ghost (novice DrCj)
  4527 | D:6      | Reached skill level 5 in Fighting
  4527 | D:6      | Reached XP level 9. HP: 81/81 MP: 9/9
  4708 | D:6      | Killed mkat's ghost
  4709 | D:6      | Reached skill level 5 in Armour
  5029 | D:7      | Found a shadowy altar of Dithmenos.
  5310 | D:7      | Acquired the +12 plate armour of Waim {MP-9 Int+6 Dex+6}
  5378 | D:7      | Noticed a manticore
  5389 | D:7      | Killed a manticore
  5390 | D:7      | Reached skill level 1 in Stealth
  5642 | D:8      | Reached XP level 10. HP: 91/91 MP: 1/10
  5798 | D:8      | Reached **** piety under Trog
  5846 | D:8      | Noticed Grum
  5854 | D:8      | Killed Grum
  5860 | D:8      | Reached skill level 6 in Fighting
  5916 | D:8      | Noticed Erica
  5933 | D:8      | Killed Erica
  5934 | D:8      | Reached skill level 10 in Staves
  6276 | D:9      | Noticed Amaemon
  6279 | D:9      | Noticed an orange demon
  6350 | D:9      | Killed Amaemon
  6360 | D:9      | Killed an orange demon
  6361 | D:9      | Reached skill level 7 in Fighting
  6420 | D:9      | Reached XP level 11. HP: 100/100 MP: 2/11
  6460 | D:9      | Found a transporter.
  6501 | D:9      | Noticed a two-headed ogre
  6508 | D:9      | Noticed gdog's ghost (novice GnSu)
  6510 | D:9      | Killed a two-headed ogre
  6526 | D:9      | Found a transporter.
  6544 | D:9      | Found Qosyker's Weapon Boutique.
  6651 | D:9      | Found a sparkling altar of Nemelex Xobeh.
  6766 | D:9      | Noticed a four-headed hydra
  6776 | D:9      | Killed a four-headed hydra
  6908 | D:9      | Killed gdog's ghost
  6908 | D:9      | Gained mutation: Your spells are a little easier to cast,
                  | but a little less powerful. [a neqoxec]
  6916 | D:9      | Gained mutation: You are partially covered in iridescent
                  | scales. (AC +2) [a neqoxec]
  6964 | D:10     | Entered Level 10 of the Dungeon
  6971 | D:10     | Noticed a death yak
  6996 | D:10     | Killed a death yak
  6997 | D:10     | Reached skill level 8 in Fighting
  7073 | D:10     | Found a staircase to the Lair.
  7421 | D:10     | Noticed a harpy
  7421 | D:10     | a yak changed into a harpy
  7424 | D:10     | Killed a harpy
  7704 | Lair:1   | Entered Level 1 of the Lair of Beasts
  8089 | Lair:1   | Reached XP level 12. HP: 112/112 MP: 3/12
  8297 | Lair:1   | Noticed Gastronok
  8314 | Lair:1   | Killed Gastronok
  8315 | Lair:1   | Reached skill level 9 in Fighting
  8479 | Lair:1   | Reached skill level 5 in Stealth
  8919 | Lair:2   | Found a staircase to the Shoals.
  8933 | Lair:2   | Found a gate leading to a gauntlet.
  8943 | Gauntlet | Entered a Gauntlet
  8943 | Gauntlet | Found a transporter.
  8943 | Gauntlet | Found a transporter.
  8947 | Gauntlet | Noticed a hell beast
  8962 | Gauntlet | Found a transporter.
  8966 | Gauntlet | Found a transporter.
  8982 | Gauntlet | Found a transporter.
  9005 | Gauntlet | Found a transporter.
  9014 | Gauntlet | Found a transporter.
  9020 | Gauntlet | Found a transporter.
  9038 | Gauntlet | Found a transporter.
  9046 | Gauntlet | Found a transporter.
  9064 | Gauntlet | Found a transporter.
  9075 | Gauntlet | Found a transporter.
  9248 | Gauntlet | Gained mutation: You are frail. (-10% HP) [a neqoxec]
  9275 | Gauntlet | Identified the ring "Zoafry" {Will+ Str+3 Int+7}
  9380 | Gauntlet | Noticed a minotaur
  9393 | Gauntlet | Killed a minotaur
  9727 | Lair:2   | Found a staircase to the Snake Pit.
  9775 | Lair:2   | Reached ***** piety under Trog
  9777 | Lair:2   | Reached skill level 10 in Fighting
 10269 | Lair:3   | Gained mutation: You can use your snake-like lower body to
                  | constrict enemies. [Naga growth]
 10269 | Lair:3   | Reached XP level 13. HP: 110/110 MP: 4/13
 10729 | Lair:3   | Noticed Fannar
 10740 | Lair:3   | Killed Fannar
 10913 | Lair:3   | Identified the ring of the Villain {rC++ rN+++ SInv}
 11923 | Lair:5   | Entered Level 5 of the Lair of Beasts
 12023 | Lair:5   | Reached skill level 10 in Armour
 12061 | Lair:5   | Reached skill level 5 in Throwing
 12061 | Lair:5   | Found a dark tunnel.
 12073 | Volcano  | Entered a volcano
 12504 | Lair:5   | Reached skill level 11 in Fighting
 12742 | Lair:5   | Reached XP level 14. HP: 95/121 MP: 5/14
 12880 | Lair:5   | Identified the +4 trident of Spring {speed, Dex+4}
 13025 | Lair:5   | Received a gift from Trog
 13029 | Lair:5   | Reached skill level 12 in Fighting
 13222 | Lair:5   | Found a viscous altar of Jiyva.
 13222 | Lair:5   | Found a staircase to the Slime Pits.
 13818 | D:11     | Found a transporter.
 13852 | D:11     | Found a transporter.
 13978 | D:11     | Found a staircase to the Orcish Mines.
 14379 | D:11     | Found a transporter.
 14396 | D:11     | Found a transporter.
 14436 | D:11     | You fall into a shaft and drop 2 floors!
 14774 | D:12     | Found Roup's Assorted Antiques.
 15851 | D:13     | Received a gift from Trog
 16214 | D:12     | Bought a smoky blue potion for 24 gold pieces
 16331 | D:12     | Lost mutation: You are partially covered in iridescent
                  | scales. (AC +2) [potion of mutation]
 16331 | D:12     | Lost mutation: Your spells are a little easier to cast, but
                  | a little less powerful. [potion of mutation]
 16331 | D:12     | Lost mutation: You are frail. (-10% HP) [potion of
                  | mutation]
 16331 | D:12     | Gained mutation: You are robust. (+10% HP) [potion of
                  | mutation]
 16331 | D:12     | Lost mutation: You are robust. (+10% HP) [potion of
                  | mutation]
 16332 | D:12     | Gained mutation: You are agile. (Dex +4, Str/Int -1)
                  | [potion of mutation]
 16332 | D:12     | Gained mutation: You have a pair of small horns on your
                  | head. [potion of mutation]
 16332 | D:12     | Gained mutation: You have a beak for a mouth. [potion of
                  | mutation]
 16382 | D:14     | Reached skill level 13 in Fighting
 16492 | D:14     | Found a gate to the Vaults.
 16516 | D:14     | Reached XP level 15. HP: 148/148 MP: 6/15
 16571 | D:14     | Noticed Nessos
 16591 | D:13     | HP: 6/148 [poisoned by Nessos]
 16763 | D:14     | Killed Nessos
 17201 | D:15     | Entered Level 15 of the Dungeon
 17332 | D:15     | Found a transporter.
 17367 | D:15     | Found a staircase to the Depths.
 17367 | D:15     | Noticed a frost giant
 17371 | D:15     | Killed a frost giant
 17459 | D:15     | Reached skill level 14 in Fighting
 17773 | D:15     | Received a gift from Trog
 17884 | D:15     | Found a transporter.
 18187 | Orc:1    | Entered Level 1 of the Orcish Mines
 18779 | Orc:2    | Entered Level 2 of the Orcish Mines
 18811 | Orc:2    | Noticed an orc warlord
 18815 | Orc:2    | Noticed Urug
 19036 | Orc:2    | Killed an orc warlord
 19070 | Orc:1    | Received a gift from Trog
 19369 | Orc:2    | Found a staircase to the Elven Halls.
 19532 | Orc:2    | Killed Urug
 19540 | Orc:2    | Found Penkouc's Antique Armour Shop.
 19549 | Orc:2    | Found Vitomy's General Store.
 19551 | Orc:2    | Found Xarehov's Book Shop.
 19712 | Orc:2    | Bought a potion of curing for 39 gold pieces
 19712 | Orc:2    | Bought a potion of curing for 39 gold pieces
 19783 | Orc:2    | Found Butuh's Antique Weapon Shop.
 19996 | Elf:1    | Entered Level 1 of the Elven Halls
 20144 | Elf:1    | Noticed an Ice Fiend
 20457 | Snake:1  | Entered Level 1 of the Snake Pit
 20527 | Snake:1  | Reached skill level 15 in Fighting
 20585 | Snake:1  | Noticed a nagaraja
 20591 | Snake:1  | Noticed a nagaraja
 20651 | Snake:1  | Reached XP level 16. HP: 151/163 MP: 7/16
 20993 | Snake:1  | Noticed a nagaraja
 20994 | Snake:1  | Found a shimmering blue altar of Sif Muna.
 20999 | Snake:1  | Found a transporter.
 21042 | Snake:1  | Killed a nagaraja
 21045 | Snake:1  | Killed a nagaraja
 21217 | Snake:1  | Noticed a nagaraja
 21226 | Snake:1  | Found a transporter.
 21237 | Snake:1  | Killed a nagaraja
 21243 | Snake:1  | Killed a nagaraja
 21324 | Snake:1  | Got the Compilation of the Harmful Snake
 21350 | Snake:1  | Identified the +2 cloak "Pes Xiro" {Str+2}
 21551 | Snake:1  | Found Difokkos's Magic Scroll Emporium.
 21559 | Snake:1  | Bought a scroll of enchant armour for 120 gold pieces
 21898 | Snake:2  | Reached skill level 16 in Fighting
 22428 | Snake:2  | Noticed Saint Roka
 22445 | Snake:2  | Received a gift from Trog
 22459 | Snake:2  | Killed Saint Roka
 22758 | Snake:2  | Reached XP level 17. HP: 175/175 MP: 2/17
 23496 | Snake:3  | Reached skill level 15 in Armour
 23508 | Snake:3  | Reached skill level 17 in Fighting
 23886 | Snake:3  | Found a transporter.
 23888 | Snake:3  | Found the +8 whip "Snakebite" {venom, curare, rPois}
 23891 | Snake:3  | Noticed TuffENuff's ghost (adept FoFi)
 23921 | Snake:3  | HP: 13/264 [poisoned by a black mamba]
 23922 | Snake:3  | HP: 6/264 [poisoned by a black mamba]
 23922 | Snake:3  | Slain by a black mamba

Illustrated notes

Levels and vault maps discovered:
D:1:      zelgadis_glass_arrival_small, layout_loops_cross, minmay_hexomino_f4
D:2:      layout_basic, serial_shops, nicolae_shop_waterfront
D:3:      layout_rooms
D:4:      kennysheep_six_static_rooms, layout_gridville,
          minmay_temple_entry_crystal_x, uniq_crazy_yiuf_cottage
D:5:      minmay_octagon_keep, layout_rooms, uniq_menkaure
D:6:      layout_cave_pods, ebering_ghost_sewer_d
D:7:      layout_basic, marbit_many_paths, grunt_ministairs_14
D:8:      minmay_bubble_buster, layout_basic, uniq_erica, uniq_grum
D:9:      layout_cave_pools, nemelex_diamond_rough_becter,
          gammafunk_ghost_stat_death, serial_shops, nicolae_shop_hallway_stairs,
          the_hattery, uniq_amaemon
D:10:     layout_gridville, david_lair_generic, abandoned_shop
D:11:     layout_loops_ring, kennysheep_orc_monster_closet_entryway,
          nicolae_diode_intersection
D:12:     layout_basic, serial_shops, nicolae_take_the_stairs
D:13:     layout_roguey
D:14:     layout_rooms, david_vaults_3, minivault_22
D:15:     grunt_enter_depths_snipers, layout_long_grid, nicolae_diode_stairs
Lair:1:   layout_layer_cave, lemuel_fruit_fields, uniq_gastronok
Lair:2:   layout_regular_city, elwin_shoals_entry_rocks,
          minmay_snake_entry_guardpost_small, gauntlet_entry_generic
Lair:3:   layout_cave_pods, grunt_megastairs_2, uniq_fannar
Lair:4:   layout_loops_ring, lemuel_fruit_tree
Lair:5:   gammafunk_lair_ancient_temple, layout_regular_city,
          dpeg_slime_entry_enclosed, nicolae_volcano_entry_hallway, st_stairs_8
Snake:1:  gammafunk_sealed_library, layout_misc_corridors, serial_shops,
          nicolae_shop_statue_plus, drop_trap, nicolae_snake_lava_pool
Snake:2:  layout_chambers, nicolae_snake_shapes, uniq_saint_roka
Snake:3:  layout_onion_interference, gammafunk_ghost_berserking_beasts
Orc:1:    layout_caves, guppyfry_library_mini
Orc:2:    grunt_orc_cross, layout_caves, lemuel_statue_altar
Elf:1:    layout_geoelf_octagon, basic_altar, minmay_elf_demonology

Skill      XL: |  1  2  3  4  5  6  7  8  9 10 11 12 13 14 15 16 17 |
---------------+----------------------------------------------------+-----
Armour         | 2 3 4 6 8 9 10 11 13 14 15 | 15.1
Axes           | 4 |  4.0
Maces & Flails | 1 2 |  2.5
Fighting       | 4 5 7 8 10 11 13 15 16 17 | 17.2
Staves         | 1 4 7 9 10 12 13 14 | 14.9
Dodging        | 2 3 4 |  4.5
Throwing       | 1 2 3 5 6 7 |  7.5
Stealth        | 2 3 4 6 8 9 |  9.0

Action                   |  1- 3 |  4- 6 |  7- 9 | 10-12 | 13-15 | 16-18 || total
-------------------------+-------+-------+-------+-------+-------+-------++-------
Melee: Hand axe          |    93 |       |       |       |       |       ||    93
       Mace              |     7 |    62 |       |       |       |       ||    69
       Quarterstaff      |       |    72 |   175 |   597 |   573 |       ||  1417
       Constrict         |       |       |       |       |   222 |    95 ||   317
       Lajatang          |       |       |       |       |   357 |   341 ||   698
       Peck              |       |       |       |       |    93 |    97 ||   190
       Headbutt          |       |       |       |       |    96 |    96 ||   192
Throw: Stone             |    19 |    16 |    41 |    43 |    73 |       ||   192
       Dart              |       |       |       |       |    46 |    24 ||    70
Invok: Berserk           |       |     9 |     4 |     9 |    20 |    11 ||    53
       Trog's Hand       |       |       |       |       |     4 |     6 ||    10
       Brothers in Arms  |       |       |       |       |       |     4 ||     4
 Abil: Spit Poison       |    18 |     3 |       |     8 |    16 |     1 ||    46
Evoke: Wand              |       |       |       |       |     1 |       ||     1
  Use: Scroll            |       |     6 |     1 |     8 |    20 |     3 ||    38
       Potion            |       |       |       |       |    11 |     3 ||    14
 Stab: Paralysed         |       |       |     3 |     4 |     2 |       ||     9
       Confused          |       |       |       |     5 |     4 |       ||     9
       Petrifying        |       |       |       |       |     2 |       ||     2
Armor: Animal skin       |    10 |       |       |       |       |       ||    10
       Plate armour      |    83 |   147 |    85 |   689 |   991 |   448 ||  2443
       Chain mail        |       |       |    53 |       |       |       ||    53
Dodge: Dodged            |    26 |    89 |    49 |   326 |   488 |   145 ||  1123
